 Dungeon Crawl Stone Soup version 0.30-a0-39-g42789b21ef (webtiles) character file.

Game seed: 4960343865647296236

224 ytrimaz the Insei (level 6, -2/38 HPs)
             Began as an Octopode Transmuter on Aug 28, 2022.
             Slain by Terence
             ... wielding a +0 mace
              (11 damage)
             ... on level 2 of the Dungeon.
             The game lasted 00:01:39 (1378 turns).

ytrimaz the Insei (Octopode Transmuter)             Turns: 1378, Time: 00:01:39

Health: -2/38      AC:  2    Str:  9    XL:     6   Next: 0%
Magic:  6/10       EV: 19    Int: 17    God:
Gold:   37         SH:  0    Dex: 18    Spells: 4/10 levels left

rFire   . . .      SeeInvis .      - Unarmed
rCold   . . .      Faith    .    (shield currently unavailable)
rNeg    . . .      Spirit   .    (helmet currently unavailable)
rPois   x          Reflect  .    (no amulet)
rElec   .          Harm     .    (no ring)
rCorr   .          Rampage  .    (no ring)
Will    .....                    (no ring)
Stlth   ++........               (no ring)
HPRegen 0.12/turn                (no ring)
MPRegen 0.12/turn                (no ring)
                                 (no ring)
                                 (no ring)

@: spider-form
A: venomous fangs, almost no armour, (amphibious), 8 rings, tiny, (camouflage
1), (gelatinous body 1), (nimble swimmer 1), (tentacles)
a: End Transformation


You were on level 2 of the Dungeon.
You were a venomous arachnid creature.
You visited 1 branch of the dungeon, and saw 2 of its levels.

You collected 37 gold pieces.

Inventory:

Scrolls
 d - a scroll of blinking {unknown}
 e - 2 scrolls of identify {unknown}
 f - 3 scrolls of teleportation {unknown}
Potions
 b - a potion of degeneration {unknown}
 c - a potion of attraction {unknown}
 g - a potion of curing {unknown}


   Skills:
 - Level 1.0 Fighting
 - Level 2.0 Dodging
 - Level 4.1 Unarmed Combat
 + Level 2.9 Spellcasting
 + Level 3.1 Transmutations
 * Level 3.9 Poison Magic


You had 4 spell levels left.
You knew the following spells:

 Your Spells              Type           Power      Damage    Failure   Level
a - Beastly Appendage     Tmut           26%        N/A       14%         1
b - Wereblood             Tmut           13%        N/A       21%         2
c - Spider Form           Tmut/Pois      14%        N/A       28%         3

Your spell library contained the following spells:

 Spells                   Type           Power      Damage    Failure   Level
 Ice Form                 Ice/Tmut       7%         N/A       85%         4


Dungeon Overview and Level Annotations

Branches:
Dungeon (2/15)

Altars:

Annotations:
D:2 Terence


Innate Abilities, Weirdness & Mutations

You are a venomous arachnid creature.
You have poisonous fangs.
You are tiny and dextrous.
Your spellcasting is less reliable in this form.
Your armour is entirely melded.
You are incapable of wielding weapons or throwing items.
You cannot wear most types of armour.
((You are amphibious.))
You can wear up to eight rings at the same time.
((Your skin changes colour to match your surroundings (Stealth+).))
((Your rubbery body absorbs attacks. (AC +1, EV +1)))
((You are camouflaged when in or above water. (Stealth+)))
((You have tentacles for arms and can constrict up to eight enemies at once.))


Message History

The adder poisons you!
Terence the Incautious comes into view.
He is wielding a +0 mace and wearing a +2 scale mail of fire resistance.
Terence shouts!
You tentacle-slap the adder. Your grab misses the adder.
Your tentacle spike misses the adder.
Your squeeze misses the adder.
The adder is severely wounded.
You feel sick. The adder barely misses you.
Casting: Beastly Appendage (safe; 4% risk of failure)
Confirm with . or Enter, or press ? or * to list all spells.
The spell is quite dangerous to miscast (13% risk of failure)!
Continue anyway?
Your tentacle spike disappears.
You turn into a venomous arachnid creature.
You feel sick. The adder completely misses you.
Unknown command.
You closely miss the adder.
The adder is heavily wounded.
You feel sick. The adder barely misses you.
You hit the adder but do no damage.
The adder is poisoned.
The adder is heavily wounded.
You feel sick. The adder bites you. The adder completely misses you.
You hit the adder.
The adder is almost dead.
You feel sick.
You are no longer poisoned.
An adder comes into view.
The adder completely misses you.
You hit the adder.
You kill the adder!
Terence completely misses you.
You have reached level 6!
You hit Terence but do no damage.
Terence is poisoned.
Terence hits you with a +0 mace!
You hit Terence but do no damage.
Terence looks as sick as possible!
Terence hits you with a +0 mace! The adder completely misses you.
You hit Terence but do no damage.
Terence looks as sick as possible!
Terence is moderately wounded.
The adder bites you.
* * * LOW HITPOINT WARNING * * *
Terence hits you with a +0 mace!
You die...

#.).................
#########......###...).
#......#####..#........
#......######..........
#............##........
#......#####.##........
#......# #.##........
#......# #.##........
#.....s# #.##........
#....@S# #.###....##.
#....... #.# #.......
########. #.# #.....##
.. ......# .. #....##
... #..[.# ...


You could see Terence (extremely poisoned) and an adder.

Vanquished Creatures
  Sigmund (D:2)
  3 adders (D:2)
  A worm (D:2)
  2 dart slugs
  4 ball pythons
  2 bats (D:1)
  A giant cockroach (D:1)
  A goblin (D:2)
  3 hobgoblins
  A quokka (D:2)
  2 kobolds
  4 rats
25 creatures vanquished.

Notes
Turn   | Place    | Note
-------+----------+-------------------------------------------
     0 | D:1      | ytrimaz the Octopode Transmuter began the quest for the
                  | Orb.
     0 | D:1      | Reached XP level 1. HP: 13/13 MP: 3/3
   100 | D:1      | Reached XP level 2. HP: 16/18 MP: 3/5
   529 | D:1      | You fall into a shaft and drop 1 floor!
   560 | D:2      | Reached skill level 4 in Unarmed Combat
   560 | D:2      | Reached XP level 3. HP: 21/23 MP: 4/6
   563 | D:2      | Learned a level 2 spell: Wereblood
   567 | D:2      | Learned a level 3 spell: Spider Form
   602 | D:2      | Reached skill level 1 in Poison Magic
  1122 | D:2      | Noticed Sigmund
  1159 | D:2      | Killed Sigmund
  1160 | D:2      | Reached XP level 4. HP: 17/28 MP: 6/8
  1160 | D:2      | Reached XP level 5. HP: 20/33 MP: 6/9
  1369 | D:2      | Noticed Terence
  1376 | D:2      | Reached XP level 6. HP: 30/38 MP: 5/10
  1378 | D:2      | Slain by Terence

Illustrated notes

Levels and vault maps discovered:
D:1:      eino_arrival_water_star, layout_basic, minmay_heptomino_l4
D:2:      layout_basic, uniq_sigmund, uniq_terence, uniq_natasha

Skill      XL: |  1  2  3 |
---------------+----------+-----
Unarmed Combat | 4 |  4.1
Poison Magic   | 3 |  3.9
Transmutations | 3 |  3.1
Fighting       | |  1.0
Dodging        | |  2.0
Spellcasting   | |  2.9

Action                   |  1- 3 |  4- 6 || total
-------------------------+-------+-------++-------
Melee: Unarmed           |    57 |     9 ||    66
       Constrict         |    18 |       ||    18
       Kick              |    18 |       ||    18
       Tentacles         |    13 |       ||    13
 Cast: Beastly Appendage |    13 |     1 ||    14
       Spider Form       |       |     1 ||     1
  Use: Potion            |     1 |       ||     1
 Stab: Sleeping          |     2 |       ||     2
Armor: Skin              |    11 |       ||    11
Dodge: Dodged            |    32 |     7 ||    39

Table legend: (Time is in decaauts)
 A = Elapsed time spent in this place.
 B = Non-inter-level travel time spent in this place.
 C = Inter-level travel time spent in this place.
 D = Time resting spent in this place.
 E = Time spent auto-exploring this place.
 F = Levels seen in this place.
 G = Mean time per level.
                   A        B        C        D        E       F      G
               +--------+--------+--------+--------+--------+-----+--------+
         Total |   1373 |   1369 |      4 |     64 |   1074 |   2 |  686.5 |
       Dungeon |   1373 |   1369 |      4 |     64 |   1074 |   2 |  686.5 |
               +--------+--------+--------+--------+--------+-----+--------+

Top non-repeatable levels by time:
     D:2: 845 daAuts
     D:1: 528 daAuts
